 Dungeon Sprint DCSS version 0.13-a0-2484-gc765b08 (webtiles) character file.

819 Rycklaryybbe the Imperceptible (level 7, -1/49 HPs)
             Began as a Vampire Assassin on July 20, 2013.
             Was an Initiate of Okawaru.
             Slain by Sonja
             ... wielding a +0,+0 short sword of distortion
              (3 damage)
             ... in the Dungeon (Sprint I: "Red Sonja").
             The game lasted 00:01:52 (76 turns).

Rycklaryybbe the Imperceptible (Vampire Assassin)     Turns: 76, Time: 00:01:53

HP  -1/49        AC  3     Str 13      XL: 7   Next: 25%
MP   7/7         EV 12     Int 13      God: Okawaru [......]
Gold 185         SH  0     Dex 17      Spells:  0 memorised,  6 levels left

Res.Fire  : . . .   See Invis. : +   a - +2 dagger {=f}
Res.Cold  : . . .   Warding    : .   c - +0 robe
Life Prot.: + . .   Conserve   : .   (no shield)
Res.Poison: .       Res.Corr.  : .   (no helmet)
Res.Elec. : .       Clarity    : .   d - +0 cloak
Sust.Abil.: . .     Spirit.Shd : .   (no gloves)
Res.Mut.  : .       Prev.Telep.: +   (no boots)
Res.Rott. : .       Flight     : .   (no amulet)
Saprovore : . . .                    (no ring)
                                     n - +3 ring of strength

@: very poisoned, slowed, very slow, slightly resistant to hostile enchantments,
incredibly stealthy
A: bottle blood, fangs 3, see invisible, unbreathing
a: Bat Form, Bottle Blood, Renounce Religion


You were in the Dungeon.
You worshipped Okawaru.
Okawaru was noncommittal.
You were not thirsty.

You visited 1 branch You collected 135 gold pieces.

Inventory:

Hand weapons
 a - a +2,+2 dagger (weapon) {=f}
 b - a +0 blowgun
Missiles
 e - 7 poisoned needles
 f - 2 curare-tipped needles
Armour
 c - a +0 robe (worn)
 d - a +0 cloak (worn)
Scrolls
 m - a scroll of blinking
Jewellery
 n - a +3 ring of strength (left hand)
Potions
 g - a potion of blood
 j - a potion of speed
 k - 2 potions of magic
 l - a potion of berserk rage
 o - a potion of resistance {unknown}


   Skills:
 - Level 1.7 Fighting
 - Level 2.1 Short Blades
 - Level 1.5 Throwing
 - Level 1.1 Dodging
 + Level 21.9 Stealth


You had 6 spell levels left.
You didn't know any spells.

Dungeon Overview and Level Annotations

Branches:
Dungeon (1/1)

Altars:
Ashenzari
Cheibriados
Elyvilon
Okawaru
Sif Muna
Trog

Annotations
D Sonja


Innate Abilities, Weirdness & Mutations

You can bottle blood from corpses.
You have razor-sharp teeth.*
You have supernaturally acute eyesight.
You can survive without breathing.*


Message History

Sonja twirls her cape.
Sonja casts a spell.
Sonja blinks!
You are too injured to fight recklessly!
You are too injured to fight recklessly!
You are too injured to fight recklessly!
You are too injured to fight recklessly!
You completely miss Sonja. Your bite misses Sonja.
Sonja is lightly wounded.
* * * LOW HITPOINT WARNING * * *
You feel very sick.
Sonja unwields an uncursed blowgun.
Sonja wields an uncursed short sword of distortion.
Its appearance distorts for a moment.
Sonja misses you.
Sonja hits you with an uncursed short sword of distortion.
* * * LOW HITPOINT WARNING * * *
Sonja hits you with an uncursed short sword of distortion.
* * * LOW HITPOINT WARNING * * *
Space bends around you.
You die...

#<.'..#.)'..#..'^%+
#..#####'#####'#__#
#..# #..# #.####
#..# #### ##.# #..#
#+#..+ #⌠⌠# +..._#
#### #_.#+# ##K#
##@## +$.$+ #§.$#
##.## #+#


You could see Sonja.

Vanquished Creatures
  A giant amoeba (D)
  An ogre (D)
  Sigmund (D)
  Ijyb (D)
  A jelly (D)
5 creatures vanquished.

Notes
Turn   | Place    | Note
--------------------------------------------------------------
     0 | D        | Rycklaryybbe, the Vampire Assassin, began the quest for the Orb.
     0 | D        | Reached XP level 1. HP: 15/15 MP: 1/1
     1 | D        | Noticed Ijyb
     4 | D        | Killed Ijyb
     4 | D        | Reached skill level 9 in Stealth
     4 | D        | Reached XP level 2. HP: 21/21 MP: 2/2
     6 | D        | Noticed an ogre
     9 | D        | Killed an ogre
     9 | D        | Reached skill level 14 in Stealth
     9 | D        | Reached XP level 3. HP: 26/26 MP: 3/3
     9 | D        | Reached XP level 4. HP: 32/32 MP: 4/4
    20 | D        | Noticed Sigmund
    23 | D        | Killed Sigmund
    23 | D        | Reached skill level 16 in Stealth
    23 | D        | Reached XP level 5. HP: 38/38 MP: 5/5
    33 | D        | Found a snail-covered altar of Cheibriados.
    33 | D        | Found an iron altar of Okawaru.
    33 | D        | Found a white marble altar of Elyvilon.
    33 | D        | Found a shattered altar of Ashenzari.
    33 | D        | Noticed a giant amoeba
    36 | D        | Killed a giant amoeba
    36 | D        | Reached skill level 21 in Stealth
    36 | D        | Reached XP level 6. HP: 44/44 MP: 6/6
    36 | D        | Reached XP level 7. HP: 49/49 MP: 7/7
    43 | D        | Became a worshipper of Warmaster Okawaru
    46 | D        | Found a deep blue altar of Sif Muna.
    48 | D        | Found a bloodstained altar of Trog.
    63 | D        | Noticed Sonja
    76 | D        | HP: 2/49 [Sonja/uncursed short sword of distortion (4)]
    76 | D        | Slain by Sonja

Action                   |  1- 3 |  4- 6 |  7- 9 || total
-------------------------+-------+-------+-------++-------
Melee: Dagger            |     2 |     2 |     4 ||     8
 Fire: Blowgun           |       |       |     1 ||     1
  Use: Potion            |       |       |     2 ||     2
 Stab: Sleeping          |     2 |     2 |     1 ||     5
